 Dungeon Crawl Stone Soup version 0.22-a0-565-gfc6459a (webtiles) character file.

8461 galech the Fighter (level 11, -8/120 HPs)
             Began as an Ogre Berserker on June 28, 2018.
             Was a High Priest of Trog.
             Killed from afar by Erica (12 damage)
             ... with an orb of energy
             ... on level 10 of the Dungeon.
             The game lasted 00:17:05 (12838 turns).

galech the Fighter (Ogre Berserker)                Turns: 12838, Time: 00:17:07

Health: -8/120     AC:  7    Str: 26    XL:     11   Next: 31%
Magic:  11/11      EV: 15    Int:  8    God:    Trog [*****.]
Gold:   512        SH:  2    Dex:  8    Spells: 10/10 levels left

rFire    . . .     SeeInvis .   H - +3 dire flail (distort)
rCold    . . .     Gourm    .   (shield currently unavailable)
rNeg     . . .     Faith    .   y - +2 robe {Archmagi}
rPois    .         Spirit   .   (helmet restricted)
rElec    .         Reflect  +   M - +1 cloak
rCorr    .         Harm     .   (gloves unavailable)
MR       +....                  (boots unavailable)
Stlth    ++........             L - +2 amulet of reflection
HPRegen  0.30/turn              w - +2 ring of evasion
MPRegen  0.12/turn              (no ring)

@: lethally poisoned (-8 -> -9), berserk cooldown, slowed, very slow
A: large, unfitting armour, tough skin 1
a: Berserk, Trog's Hand, Brothers in Arms, Renounce Religion


You were on level 10 of the Dungeon.
You worshipped Trog.
Trog was extremely pleased with you.
You were hungry.

You visited 1 branch of the dungeon, and saw 10 of its levels.
You also visited: Sewer.

You collected 512 gold pieces.

Inventory:

Hand Weapons
 a - a +0 mace
 o - a +0 whip of electrocution
 v - the +4 mace "Ylumanea" {vamp, rElec Int+2}
   (You found it on level 7 of the Dungeon)

   It inflicts no extra harm, but heals its wielder when it wounds a living foe.
   It affects your intelligence (+2).
   It insulates you from electricity.
 z - a +1 whip of freezing
 A - a +2 flail of crushing
 G - a +2 whip of electrocution
 H - a +3 dire flail of distortion (weapon)
 S - the +5 long sword of a Thousand Dances {venom, rF- rN++ MR+ Dex+4}
   (You found it on level 9 of the Dungeon)

   It poisons the flesh of those it strikes.
   It affects your dexterity (+4).
   It makes you vulnerable to fire.
   It greatly protects you from negative energy.
   It affects your resistance to hostile enchantments.
Armour
 b - a +0 animal skin
 y - a +2 robe of the Archmagi (worn)
 M - a +1 cloak (worn)
Jewellery
 r - an uncursed amulet of harm
 w - a +2 ring of evasion (left hand)
 E - an uncursed amulet of rage
 J - an uncursed amulet of regeneration
 L - a +2 amulet of reflection (around neck)
Wands
 u - a wand of random effects (41)
 D - a wand of acid (8)
 I - a wand of iceblast (13)
 K - a wand of flame (46)
 N - a wand of polymorph (13)
Scrolls
 d - a scroll of enchant weapon
 e - 9 scrolls of remove curse
 i - 3 scrolls of teleportation
 j - 4 scrolls of immolation
 k - a scroll of fear
 n - 2 scrolls of blinking
 s - a scroll of fog
 t - 2 scrolls of amnesia
 x - a scroll of noise
 B - 4 scrolls of magic mapping
Potions
 f - 4 potions of agility {unknown}
 g - 11 potions of curing
 h - 7 potions of heal wounds {unknown}
 l - 2 potions of flight {unknown}
 m - 4 potions of might {unknown}
 p - 2 potions of brilliance {unknown}
 q - 5 potions of lignification {unknown}
 F - 2 potions of invisibility {unknown}
 O - a potion of berserk rage {unknown}
 P - a potion of haste {unknown}
 R - 2 potions of magic {unknown}
Comestibles
 c - 14 rations
 C - 3 chunks of flesh


   Skills:
 + Level 11.0 Fighting
 + Level 11.0 Maces & Flails
 + Level 8.8 Dodging
 + Level 3.3 Stealth


You had 10 spell levels left.
You didn't know any spells.
Your spell library was empty.

Dungeon Overview and Level Annotations

Branches:
Dungeon (10/15)            Temple (0/1) D:4            Lair (0/6) D:8
    Orc: D:9-12

Altars:
Ashenzari
Elyvilon
Gozag
Kikubaaqudgha
Nemelex Xobeh
Okawaru
Qazlal
Ru
Trog
Uskayaw
Vehumet
Wu Jian
Xom
The Shining One

Annotations:
D:10 Erica


Innate Abilities, Weirdness & Mutations

You are too large for most types of armour.
You have tough skin. (AC +1)


Message History

Something hits you but does no damage.
You feel sick. Something hits you but does no damage.
You see here a bullfrog corpse.
You butcher the bullfrog corpse.
Something hits you!
* * * LOW HITPOINT WARNING * * *
Something burns you.
* * * LOW HITPOINT WARNING * * *
Things that are here:
3 chunks of flesh; a bullfrog skeleton You impale something!!
You feel sick.
C - 3 chunks of flesh You feel sick.
You hear some strange, mumbled words.
An orb of energy appears from out of thin air!
The orb of energy hits you!
* * * LOW HITPOINT WARNING * * *
You hear some strange, mumbled words.
An orb of energy appears from out of thin air!
The orb of energy hits you!
You die...

..#..........#
#####.#......# ..
#...........## ...
......##...#### ...
####..........# ##.# #
..............#
#...#..
.#####........#
##...(..! ##
#........####รท.......
#
#..........@.........
#........####........
########## ##.[.....
#...#.. #### #


There were no monsters in sight!

Vanquished Creatures
  2 two-headed ogres (D:9)
  Pikel (D:5)
  An efreet (D:10)
  A merfolk (D:9)
  A hippogriff (D:7)
  3 yaks (D:9)
  Eustachio (D:4)
  2 water moccasins
  2 sky beasts
  6 orc warriors
  A phantom (D:10)
  3 black bears
  An ice beast (D:6)
  2 necrophages
  3 ogres
  A centaur (D:5)
  A big kobold (Sewer)
  5 bullfrogs
  A gnoll sergeant (D:8)
  4 scorpions
  5 killer bees (D:8)
  3 howler monkeys (D:9)
  4 crimson imps
  A quasit (D:9)
  2 bullfrog zombies (D:8)
  6 hounds
  A jelly (D:6)
  11 orc priests
  5 orc wizards
  2 centaur skeletons
  5 iguanas
  Ijyb (D:4)
  9 worker ants
  A hound skeleton (D:10)
  A hound zombie (D:5)
  A worker ant zombie (D:6)
  Robin (D:4)
  10 gnolls
  15 adders
  11 river rats
  2 shadow imps
  An ooze (D:3)
  3 adder skeletons
  2 worms (D:4)
  2 dart slugs
  3 leopard geckos
  51 orcs
  8 ball pythons
  4 giant cockroaches
  16 goblins
  9 hobgoblins
  17 jackals
  22 kobolds
  3 quokkas
  8 bats
  7 frilled lizards
  A jackal skeleton (D:7)
  A leopard gecko zombie (D:5)
  A quokka zombie (D:7)
  23 rats
321 creatures vanquished.

Vanquished Creatures (others)
  An ugly thing (D:7)
  A vampire (D:9)
  A yak (D:9)
  An eye of draining (D:10)
  A phantom (D:7)
  A centaur (D:10)
  A killer bee (D:8)
  2 hounds
  An orc (D:8)
10 creatures vanquished.

Grand Total: 331 creatures vanquished

Notes
Turn   | Place    | Note
-------+----------+-------------------------------------------
     0 | D:1      | galech the Ogre Berserker began the quest for the Orb.
     0 | D:1      | Reached XP level 1. HP: 24/24 MP: 1/1
   288 | D:1      | Reached XP level 2. HP: 32/32 MP: 2/2
   470 | D:1      | Found a shimmering altar of Xom.
   819 | D:2      | Reached XP level 3. HP: 16/40 MP: 3/3
  1417 | D:2      | Noticed Robin
  1699 | D:2      | Reached XP level 4. HP: 43/49 MP: 4/4
  1807 | D:2      | Reached ** piety under Trog
  2277 | D:3      | Reached XP level 5. HP: 47/55 MP: 5/5
  2280 | D:3      | Reached skill level 5 in Fighting
  2564 | D:3      | Found a glowing drain.
  2707 | Sewer    | Entered a sewer
  2847 | Sewer    | HP: 3/85 [rat (3)]
  2849 | Sewer    | Reached XP level 6. HP: 4/66 MP: 6/6
  2849 | Sewer    | HP: 1/99 [rat (3)]
  3313 | Sewer    | Reached *** piety under Trog
  4554 | D:3      | Found an ornate altar of the Wu Jian Council.
  4960 | D:4      | Found a staircase to the Ecumenical Temple.
  5027 | D:4      | Reached XP level 7. HP: 58/74 MP: 7/7
  5032 | D:4      | Reached **** piety under Trog
  5032 | D:4      | Reached skill level 5 in Maces & Flails
  5055 | D:4      | Killed Robin
  5388 | D:4      | Noticed Eustachio
  5404 | D:4      | Killed Eustachio
  5404 | D:4      | Reached skill level 5 in Dodging
  5713 | D:3      | Reached skill level 1 in Stealth
  6294 | D:4      | Found a glowing golden altar of the Shining One.
  6359 | D:4      | Noticed Ijyb
  6370 | D:4      | Killed Ijyb
  6370 | D:4      | Reached XP level 8. HP: 72/84 MP: 8/8
  6602 | D:5      | Entered Level 5 of the Dungeon
  6735 | D:5      | Noticed Pikel
  6750 | D:5      | Killed Pikel
  6967 | D:5      | Reached XP level 9. HP: 53/96 MP: 9/9
  7329 | D:5      | Found an opulent altar of Gozag.
  7545 | D:6      | Found a sparkling altar of Nemelex Xobeh.
  8284 | D:6      | Reached ***** piety under Trog
  9006 | D:7      | Received a gift from Trog
  9296 | D:7      | Got a pitted mace
  9353 | D:7      | Reached XP level 10. HP: 79/107 MP: 10/10
  9396 | D:7      | Noticed a cyan ugly thing
  9541 | D:7      | Banished a cyan ugly thing
  9598 | D:7      | Found a stormy altar of Qazlal.
  9654 | D:7      | Found a radiant altar of Vehumet.
 10292 | D:8      | Found a staircase to the Lair.
 10492 | D:8      | Reached skill level 10 in Fighting
 10732 | D:8      | Paralysed by a hornet for 2 turns
 11252 | D:9      | Reached skill level 10 in Maces & Flails
 11541 | D:9      | Noticed a two-headed ogre
 11541 | D:9      | Noticed a two-headed ogre
 11556 | D:9      | Killed a two-headed ogre
 11556 | D:9      | Reached XP level 11. HP: 81/119 MP: 11/11
 11979 | D:9      | Found a white marble altar of Elyvilon.
 11980 | D:9      | Found a sacrificial altar of Ru.
 11982 | D:9      | Found a shattered altar of Ashenzari.
 12002 | D:9      | Found a bloodstained altar of Trog.
 12002 | D:9      | Found a hide-covered altar of Uskayaw.
 12003 | D:9      | Found an ancient bone altar of Kikubaaqudgha.
 12015 | D:9      | Got a bloodstained long sword
 12021 | D:9      | Noticed a two-headed ogre
 12058 | D:9      | Found an iron altar of Okawaru.
 12082 | D:9      | Killed a two-headed ogre
 12479 | D:10     | Entered Level 10 of the Dungeon
 12616 | D:10     | Identified the +5 long sword of a Thousand Dances {venom, rF- rN++ MR+ Dex+4} (You found it on level 9 of the Dungeon)
 12617 | D:10     | Identified the +4 mace "Ylumanea" {vamp, rElec Int+2} (You found it on level 7 of the Dungeon)
 12810 | D:10     | Noticed Erica
 12837 | D:10     | HP: 3/120 [something/orb of energy (14)]
 12838 | D:10     | Killed from afar by Erica

Vault maps used:
D:1:      dpeg_arrival_shelter, xom_teletrap_fun
D:2:      uniq_robin
D:3:      cheibrodos_old_hovel, lemuel_round_altar, first_ration,
          gup_sewer_entry_bubbles, serial_glass, glass_columns_b,
          glass_columns_a
D:4:      tso_altar, minmay_temple_entry_large_hall, uniq_eustachio, uniq_ijyb
D:5:      grunt_ministairs_6, grunt_gozag_breadcrumbs, uniq_pikel
D:6:      lemuel_doored_altar, st_stairs_9, grunt_ministairs_1
D:7:      nicolae_qazlal_general_emergency, vehumet_altar_wand_db
D:8:      lair_entry_dummy, special_room
D:9:      grunt_temple_overflow_open, basic_altar, hangedman_fish_farm
D:10:     uniq_erica
Sewer:    sewer_minmay_treatment

Skill      XL: |  1  2  3  4  5  6  7  8  9 10 11 |
---------------+----------------------------------+-----
Maces & Flails | 3 4 5 6 8 10 11 | 11.0
Dodging        | 3 4 5 6 7 8 |  8.8
Fighting       | 5 6 8 9 10 11 | 11.0
Stealth        | 1 2 3 |  3.3

Action                   |  1- 3 |  4- 6 |  7- 9 | 10-12 || total
-------------------------+-------+-------+-------+-------++-------
Melee: Mace              |    89 |   281 |       |       ||   370
       Whip              |       |    41 |   145 |       ||   186
       Flail             |       |       |   152 |       ||   152
       Dire flail        |       |       |    12 |   302 ||   314
Invok: Berserk           |     3 |     5 |     5 |     4 ||    17
       Trog's Hand       |       |     2 |       |     1 ||     3
  Use: Scroll            |       |       |     6 |     6 ||    12
 Stab: Sleeping          |       |       |     3 |     2 ||     5
       Distracted        |       |       |       |     1 ||     1
  Eat: Chunk             |     2 |    12 |    19 |    11 ||    44
       Ration            |     1 |     1 |       |     1 ||     3
Armor: Animal skin       |    37 |   112 |    10 |       ||   159
       Robe              |       |       |    63 |    41 ||   104
Dodge: Dodged            |    58 |   260 |   230 |   164 ||   712
Block: Other             |       |       |       |     5 ||     5

Table legend:
 A = Spawn XP
 B = Non-spawn XP
 C = Spawn XP percentage of total XP
 D = Spawn monster count
 E = Non-spawn monster count
 F = Spawn count percentage of total count
 G = Total turns spent on level
                    A         B        C        D         E        F      G
               +---------+---------+-------+---------+---------+-------+---------
         Total |       0 |   12088 |   0.0 |       0 |     330 |   0.0 | 12838
               +---------+---------+-------+---------+---------+-------+---------
           D:1 |       0 |      15 |   0.0 |       0 |       8 |   0.0 |   673
           D:2 |       0 |     108 |   0.0 |       0 |      42 |   0.0 |  1558
           D:3 |       0 |     229 |   0.0 |       0 |      29 |   0.0 |  1276
           D:4 |       0 |     588 |   0.0 |       0 |      21 |   0.0 |  1372
           D:5 |       0 |    1272 |   0.0 |       0 |      22 |   0.0 |   790
           D:6 |       0 |    1603 |   0.0 |       0 |      34 |   0.0 |  1523
           D:7 |       0 |    1437 |   0.0 |       0 |      25 |   0.0 |   930
           D:8 |       0 |    1531 |   0.0 |       0 |      54 |   0.0 |  1278
           D:9 |       0 |    4210 |   0.0 |       0 |      36 |   0.0 |  1450
          D:10 |       0 |     813 |   0.0 |       0 |      11 |   0.0 |   265
         Sewer |       0 |     282 |   0.0 |       0 |      48 |   0.0 |  1723
               +---------+---------+-------+---------+---------+-------+---------
